 Dungeon Crawl Stone Soup version 0.21.0-24-g2553a3340b (webtiles) character file.

1597 axillian the Chopper (level 8, -10/61 HPs)
             Began as a Demonspawn Fighter on Jan 22, 2018.
             Mangled by an ice devil (23 damage)
             ... summoned by an orc high priest
             ... on level 6 of the Dungeon.
             The game lasted 00:23:11 (4676 turns).

axillian the Chopper (Demonspawn Fighter)           Turns: 4676, Time: 00:23:12

Health: -10/61     AC: 15    Str: 19    XL:     8   Next: 62%
Magic:  8/8        EV:  9    Int: 10    God:    Xom [...*..]
Gold:   287        SH: 16    Dex: 14    Spells: 7/7 levels left

rFire    . . .     SeeInvis +   y - +1 mace (protect)
rCold    . . .     Gourm    .   c - +0 shield
rNeg     . . .     Faith    .   b - +0 scale mail
rPois    .         Spirit   .   (helmet unavailable)
rElec    .         Reflect  +   (no cloak)
rCorr    .         Harm     .   i - +2 pair of gloves
MR       .....                  (no boots)
Stlth    ..........             e - +6 amulet of reflection
HPRegen  0.20/turn              k - +2 ring of dexterity
MPRegen  0.11/turn              z - ring of Robustness {AC+8}

@: corroded, protection aura
A: antennae 3, slimy green scales 1
a: Renounce Religion


You were on level 6 of the Dungeon.
You worshipped Xom.
You were a favourite toy of Xom.
You were not hungry.

You visited 2 branches of the dungeon, and saw 7 of its levels.

You collected 287 gold pieces.

Inventory:

Hand Weapons
 a - a +0 war axe
 y - a +1 mace of protection (weapon)
 D - a +1 mace of holy wrath
Armour
 b - a +0 scale mail (worn)
 c - a +0 shield (worn)
 i - a +2 pair of gloves (worn)
 A - the cursed +0 large shield "Woripua" {rPois rC+ rCorr Int-3, unknown}
   (You found it on level 4 of the Dungeon)

   It affects your intelligence (-3).
   It protects you from cold.
   It protects you from poison.
   It protects you from acid and corrosion.
   It has a curse placed upon it.
 G - a +0 chain mail
Jewellery
 e - a +6 amulet of reflection (around neck)
 k - a +2 ring of dexterity (left hand)
 n - an uncursed ring of wizardry
 p - an uncursed ring of fire
 z - the ring of Robustness (right hand) {AC+8}
   (You found it on level 4 of the Dungeon)

   [ring of protection]

   It affects your AC (+8).
 F - an uncursed amulet of magic regeneration
Wands
 m - a wand of flame (22)
 o - a wand of acid (19)
 B - a wand of random effects (23)
Scrolls
 d - a scroll of enchant armour {unknown}
 g - 6 scrolls of remove curse {unknown}
 h - 7 scrolls of identify {unknown}
 l - 2 scrolls of fog {unknown}
 q - a scroll of immolation {unknown}
 r - 4 scrolls of teleportation {unknown}
 u - 2 scrolls of random uselessness {unknown}
 x - a scroll of enchant weapon {unknown}
Potions
 j - 2 potions of curing
 s - a potion of degeneration {unknown}
 t - 4 potions of flight
 v - a potion of berserk rage {unknown}
 w - a potion of agility
 C - a potion of heal wounds
Comestibles
 f - 6 rations


   Skills:
 + Level 4.6 Fighting
 - Level 6.2(6.4) Axes
 + Level 2.1(4.4) Maces & Flails
 + Level 4.0 Armour
 + Level 2.4 Dodging
 - Level 0.1 Stealth
 + Level 6.0 Shields
 - Level 1.0 Evocations


You had 7 spell levels left.
You didn't know any spells.

Dungeon Overview and Level Annotations

Branches:
Dungeon (6/15)             Temple (1/1) D:4

Altars:
Ashenzari
Cheibriados
Elyvilon
Fedhas
Gozag
Kikubaaqudgha
Makhleb
Nemelex Xobeh
Okawaru
Qazlal
Ru
Sif Muna
Trog
Uskayaw
Vehumet
Wu Jian
Xom
Yredelemnul
Zin
The Shining One

Annotations:
D:5 Roak's ghost, novice TrFi
D:6 1 transporter


Innate Abilities, Weirdness & Mutations

You have a pair of large antennae on your head. (SInv)
You are partially covered in slimy green scales. (AC +2)


Message History

The red devil disappears in a puff of smoke!
You block the rust devil's attack.
You hit the rust devil but do no damage.
The rust devil is lightly wounded.
You block the rust devil's attack.
You hit the rust devil but do no damage.
The rust devil is lightly wounded.
You block the rust devil's attack. You block the ice devil's attack.
The shadow imp sputters.
The rust devil hits you. The rust devil corrodes you!
You hit the rust devil but do no damage.
The rust devil is lightly wounded.
The red devil disappears in a puff of smoke!
The rust devil disappears in a puff of smoke!
The shadow imp shouts, "Slither home, thou canting fat-kidneyed apple-john!"
The ice devil hits you!
* * * LOW HITPOINT WARNING * * *
The ice devil freezes you!!
You die...
Xom snickers!

..#####.#.≈...≈.#.#
#.#.≈≈≈≈≈.#.#
#.#.≈P⌠≈≈5#.# .
#.#)≈≈≈P≈o#.#..
#.#5≈...≈K#....
#.#K≈.35≈5#.#
#.####4####.#
#.#P..§4.P#.##
#.#8P.@.P8#..%.
#.#########.###
#.....©.....#
####....#####
#...## ....##
####.[ ####


You could see an orc high priest, a hellwing, an ice devil, 2 kobold
demonologists, 3 shadow imps and an ufetubus.

Vanquished Creatures
  Grinder (D:3)
  The ghost of GuyWithAPlan the Transmogrifier, an amateur MfTm of Zin (D:4)
  The ghost of axillian the Cudgeler, an amateur TrFi of Xom (D:3)
  An ogre (D:4)
  A centaur (D:6)
  A scorpion (D:6)
  A bullfrog skeleton (D:6)
  3 orc priests
  A centaur skeleton (D:4)
  3 hounds
  3 iguanas
  2 orc wizards (D:4)
  Ijyb (D:5)
  Natasha (thrice) (D:2)
  4 worker ants
  Robin (D:4)
  3 gnolls (D:4)
  8 adders
  3 shadow imps
  3 oozes
  2 adder skeletons (D:4)
  A worm (D:2)
  13 dart slugs
  5 leopard geckos
  10 orcs
  A ball python (D:3)
  11 bats
  5 giant cockroaches
  12 goblins
  11 hobgoblins
  11 kobolds
  2 quokkas
  8 rats
137 creatures vanquished.

Vanquished Creatures (others)
  A goblin (D:2)
1 creature vanquished.

Grand Total: 138 creatures vanquished

Notes
Turn   | Place    | Note
-------+----------+-------------------------------------------
     0 | D:1      | axillian the Demonspawn Fighter began the quest for the Orb.
     0 | D:1      | Reached XP level 1. HP: 18/18 MP: 1/1
    39 | D:1      | Gained mutation: You have a pair of small antennae on your head. [demonic ancestry]
    39 | D:1      | Reached XP level 2. HP: 22/24 MP: 2/2
   507 | D:1      | Gained mutation: You have a pair of antennae on your head. [demonic ancestry]
   507 | D:1      | Reached XP level 3. HP: 29/29 MP: 3/3
  1057 | D:2      | Reached XP level 4. HP: 34/35 MP: 4/4
  1116 | D:2      | Reached skill level 1 in Dodging
  1374 | D:2      | Noticed Natasha
  1402 | D:2      | Killed Natasha
  1535 | D:2      | Gained mutation: You are partially covered in slimy green scales. (AC +2) [demonic ancestry]
  1535 | D:2      | Reached XP level 5. HP: 32/41 MP: 5/5
  1612 | D:2      | Noticed Natasha
  1624 | D:2      | Killed Natasha
  1658 | D:2      | Noticed Natasha
  1739 | D:2      | Killed Natasha
  1861 | D:3      | Noticed Grinder
  1877 | D:3      | Paralysed by Grinder for 3 turns
  2191 | D:3      | Paralysed by Grinder for 5 turns
  2445 | D:3      | Noticed axillian's ghost (amateur TrFi)
  2503 | D:3      | Paralysed by Grinder for 5 turns
  2512 | D:3      | Killed Grinder
  2512 | D:3      | Gained mutation: You have a pair of large antennae on your head. (SInv) [demonic ancestry]
  2512 | D:3      | Reached XP level 6. HP: 40/48 MP: 6/6
  2659 | D:3      | Killed axillian's ghost
  2659 | D:3      | Reached XP level 7. HP: 27/53 MP: 7/7
  2989 | D:4      | Reached skill level 1 in Evocations
  3030 | D:4      | Noticed Robin
  3050 | D:4      | Killed Robin
  3050 | D:4      | Reached skill level 5 in Axes
  3183 | D:4      | Found a staircase to the Ecumenical Temple.
  3206 | Temple   | Entered the Ecumenical Temple
  3282 | Temple   | Became a worshipper of Xom of Chaos
  3311 | D:4      | Noticed GuyWithAPlan's ghost (amateur MfTm)
  3313 | D:4      | XOM: potion effect (brilliance)
  3334 | D:4      | Killed GuyWithAPlan's ghost
  3334 | D:4      | Reached skill level 5 in Shields
  3364 | D:4      | Reached XP level 8. HP: 60/60 MP: 8/8
  3465 | D:4      | Found the ring of Robustness {AC+8}
  3492 | D:4      | Got a scorched large shield
  3594 | D:4      | XOM: silly message
  3602 | D:4      | XOM: potion effect (brilliance)
  3936 | D:5      | Entered Level 5 of the Dungeon
  3960 | D:5      | Noticed Ijyb
  3979 | D:5      | Killed Ijyb
  3993 | D:5      | Found a sacrificial altar of Ru.
  4098 | D:5      | XOM: divination: magic mapping
  4181 | D:5      | XOM: harmless Tloc miscast
  4259 | D:5      | Noticed Roak's ghost (novice TrFi)
  4268 | D:5      | XOM: potion effect (curing)
  4269 | D:5      | XOM: potion effect (invisibility)
  4271 | D:5      | XOM: 6-stop teleportation journey
  4330 | D:6      | XOM: enchant monster (good)
  4339 | D:6      | Reached skill level 1 in Maces & Flails
  4551 | D:6      | Found a bloodstained altar of Trog.
  4600 | D:6      | Found a transporter.
  4603 | D:6      | Noticed an orc high priest
  4612 | D:6      | Noticed a kobold demonologist
  4620 | D:6      | Found a transporter.
  4629 | D:6      | Noticed a kobold demonologist
  4657 | D:6      | Noticed a red devil
  4661 | D:6      | Noticed a rust devil
  4668 | D:6      | Noticed a red devil
  4669 | D:6      | Noticed an ice devil
  4672 | D:6      | Noticed a hellwing
  4676 | D:6      | Mangled by an ice devil

Skill      XL: |  1  2  3  4  5  6  7  8 |
---------------+-------------------------+-----
Axes           | 2 3 4 5 6 |  6.2
Armour         | 3 4 |  4.0
Shields        | 3 4 5 6 |  6.0
Dodging        | 1 2 |  2.4
Fighting       | 4 |  4.6
Evocations     | 1 |  1.0
Maces & Flails | 2 |  2.1
Stealth        | |  0.1

Action                   |  1- 3 |  4- 6 |  7- 9 || total
-------------------------+-------+-------+-------++-------
Melee: War axe           |    78 |   210 |   188 ||   476
       Mace              |       |       |   125 ||   125
Evoke: Wand              |       |     5 |     9 ||    14
  Use: Potion            |       |     6 |       ||     6
 Stab: Invisible         |       |       |     1 ||     1
  Eat: Chunk             |       |     2 |     8 ||    10
       Ration            |       |     1 |       ||     1
Armor: Scale mail        |    56 |    95 |   111 ||   262
       Skin              |       |    18 |       ||    18
Dodge: Dodged            |    23 |    72 |    72 ||   167
Block: Shield            |    81 |   222 |   294 ||   597
       Reflection        |     1 |     8 |    13 ||    22
